 Dungeon Crawl Stone Soup version 0.30-a0-881-g1ff12e1e11 (webtiles) character file.

Game seed: 7706353995254223527

177 Pimp the Digger (level 5, -4/37 HPs)
             Began as a Formicid Earth Elementalist on Mar 14, 2023.
             Slain by a wyvern (8 damage)
             ... on level 3 of the Dungeon.
             The game lasted 00:09:49 (3181 turns).

Pimp the Digger (Formicid Earth Elementalist)       Turns: 3181, Time: 00:09:50

Health: -4/37      AC:  8    Str: 11 (12) XL:     5   Next: 88%
Magic:  9/9        EV: 10    Int: 16 (17) God:
Gold:   109        SH:  0    Dex: 12 (14) Spells: 3/10 levels left

rFire   . . .      SeeInvis +    g - +0 hand axe (heavy)
rCold   . . .      Faith    .    (no shield)
rNeg    + . .      Spirit   .    c - +0 ring mail
rPois   .          Reflect  .    (helmet unavailable)
rElec   .          Rampage  .    r - +2 cloak "Cinnyel" {*Slow Fly Regen+}
rCorr   .                        (no gloves)
Will    .....                    (no boots)
Stlth   ++                       (no amulet)
HPRegen 1.06/turn                e - ring of Lies {Wiz rN+}
MPRegen 0.11/turn                (no ring)

@: flying
A: permanent stasis, dig shafts and tunnels, antennae 3, four strong arms
a: Dig, Shaft Self


You were on level 3 of the Dungeon.
You visited 1 branch of the dungeon, and saw 4 of its levels.

You collected 109 gold pieces.

Inventory:

Hand Weapons
 g - a +0 heavy hand axe (weapon)
 n - a +0 hand axe of freezing
Armour
 a - a +0 robe
 c - a +0 ring mail (worn)
 m - a scarf of invisibility
 r - the +2 cloak "Cinnyel" (worn) {*Slow Fly Regen+}
   (You found it on level 2 of the Dungeon)

   Fly:       It grants you flight.
   Regen:     It increases your rate of health regeneration.
   *Slow:     It may slow you when you take damage.
Jewellery
 e - the ring of Lies (left hand) {Wiz rN+}
   (You acquired it on level 2 of the Dungeon)

   [ring of wizardry]

   It improves your spell success rate.
   rN:        It protects you from negative energy.
Scrolls
 j - 2 scrolls of identify
 l - a scroll of magic mapping
Potions
 b - a potion of magic
 d - a potion of might
 f - a potion of attraction
 h - a potion of brilliance
 k - a potion of mutation
 p - 2 potions of degeneration
 q - a potion of curing {unknown}


   Skills:
 + Level 1.1 Fighting
 + Level 1.1 Axes
 + Level 1.3 Armour
 + Level 2.4 Dodging
 + Level 3.7 Stealth
 + Level 3.0 Spellcasting
 + Level 2.2 Transmutations
 + Level 4.3 Earth Magic


You had 3 spell levels left.
You knew the following spells:

 Your Spells              Type           Power      Damage    Failure   Level
a - Sandblast             Erth           32%        2d9       3%          1
b - Passwall              Tmut/Erth      10%        N/A       7%          2
c - Stone Arrow           Conj/Erth      18%        3d8       21%         3
d - Slow                  Hex            8%         N/A       17%         1

Your spell library contained the following spells:

 Spells                   Type           Power      Damage    Failure   Level
 Lesser Beckoning         Tloc           4%         N/A       26%         2
 Momentum Strike          Conj/Tloc      4%         3d8       26%         2
 Confusing Touch          Hex            2%         N/A       45%         3
 Vampiric Draining        Necr           2%         2d6       45%         3
 Petrify                  Tmut/Erth      13%        N/A       41%         4
 Blink                    Tloc           Unusable   N/A       N/A         2

Dungeon Overview and Level Annotations

Branches:
Dungeon (4/15)
 Temple: D:4-7

Altars:
Elyvilon
Okawaru
The Shining One


Innate Abilities, Weirdness & Mutations

You cannot be hasted, slowed, berserked, paralysed or teleported.
You can dig through walls and to a lower floor.
You have a pair of large antennae on your head. (SInv)
Your four strong arms can wield two-handed weapons with a shield.


Message History

The wyvern is moderately wounded.
The wyvern barely misses you. The wyvern bites you! x2
* * * LOW HITPOINT WARNING * * *
Okay, then.
The ball python closely misses you. The ball python misses you.
The ball python bites you but does no damage.
The ball python grabs you. The ball python constricts you.
The wyvern closely misses you.
You escape the ball python's grasp.
The wyvern attacks as you move away! The wyvern bites you!
* * * LOW HITPOINT WARNING * * *
There is an open door here.
You feel much better. The wyvern barely misses you.
The ball python bites you but does no damage.
The ball python grabs you. The ball python constricts you.
The wyvern bites you.
You escape the ball python's grasp.
The wyvern bites you but does no damage.
The wyvern attacks as you move away! The wyvern bites you!
The wyvern bites you.
There is a stone staircase leading up here.
The wyvern bites you!
* * * LOW HITPOINT WARNING * * *
The wyvern hisses menacingly.
The wyvern closely misses you.
You fly upwards.
There is a stone staircase leading down here.
You slash the wyvern!
The wyvern is heavily wounded.
The wyvern barely misses you. The wyvern closely misses you.
The wyvern bites you!
* * * LOW HITPOINT WARNING * * *
It was a potion of degeneration.
There was something very wrong with that liquid.
You feel weakened.
You feel dopey.
You feel clumsy. The wyvern barely misses you.
It was a potion of flight.
You feel more buoyant. The wyvern bites you!
You die...

.........#.#.# #..#.#.######.....
.........#.#.###..#.#........#...
.........#.#........#..####..#...
....##.###.#..##..#....# #..#...
######.# #.#......#.#.#####..##..
#.# #.#...#.##.#............ ##
#.# #.#...#.##.#..####...#..
.#####.###.#.....##.#..####...#..
...............l@........##......
###....###.#.#.#.................
.........................#...####
####.##......###.........#...####
.............# #.........#.......
####.#####...# #.........#..#####
# #.#####...# #.##.##.###.......
# #.#...#...###.##.#....#.######
# #.#.#.#...............#.######


You could see a wyvern.

Vanquished Creatures
  2 iguanas (D:4)
  A gnoll (D:2)
  4 adders
  A worm (D:2)
  An orc (D:4)
  10 ball pythons
  3 bats
  4 endoplasms
  3 giant cockroaches
  11 hobgoblins
  3 jackals (D:1)
  4 kobolds
  7 quokkas
  5 frilled lizards
  3 goblins (D:1)
  9 rats
71 creatures vanquished.

Notes
Turn   | Place    | Note
-------+----------+-------------------------------------------
     0 | D:1      | Pimp the Formicid Earth Elementalist began the quest for
                  | the Orb.
     0 | D:1      | Reached XP level 1. HP: 13/13 MP: 3/3
    89 | D:1      | Reached XP level 2. HP: 19/19 MP: 3/5
   329 | D:1      | Reached XP level 3. HP: 6/24 MP: 0/6
   545 | D:1      | Found a faded altar of an unknown god.
   622 | D:1      | Reached skill level 4 in Earth Magic
  1111 | D:2      | Reached XP level 4. HP: 22/30 MP: 4/7
  1159 | D:2      | Learned a level 2 spell: Passwall
  1164 | D:2      | Identified the +2 cloak "Cinnyel" {*Slow Fly Regen+}
  1317 | D:2      | Identified a scroll of acquirement
  1317 | D:2      | Acquired the ring of Lies {Wiz rN+}
  1550 | D:2      | Learned a level 3 spell: Stone Arrow
  1873 | D:3      | Found a glowing golden altar of the Shining One.
  2157 | D:3      | Found a large runed translucent door.
  2158 | D:3      | Found a large runed translucent door.
  2578 | D:3      | Found a white marble altar of Elyvilon.
  2592 | D:3      | Found an iron altar of Okawaru.
  2600 | D:3      | Reached XP level 5. HP: 34/36 MP: 9/9
  2656 | D:2      | Reached skill level 1 in Armour
  3059 | D:4      | Reached skill level 1 in Axes
  3139 | D:4      | Reached skill level 1 in Fighting
  3160 | D:4      | Noticed a wyvern
  3163 | D:4      | Learned a level 1 spell: Slow
  3170 | D:4      | HP: 1/37 [wyvern (11)]
  3179 | D:3      | HP: 1/37 [wyvern (11)]
  3181 | D:3      | Slain by a wyvern

Illustrated notes

Levels and vault maps discovered:
D:1:      dreamdust_arrival_sigmund_warning, layout_basic,
          ebering_ecumenical_altar_sacrificial, minmay_split_cup_small
D:2:      layout_basic, serial_glass, glass_columns_a, glass_columns_a,
          minmay_strange_pillars, due_unseen_surprise
D:3:      layout_basic, jmf_multi_god_temple2, tso_oasis_becter
D:4:      layout_gridville

Skill      XL: |  1  2  3  4  5 |
---------------+----------------+-----
Dodging        | 2 |  2.4
Stealth        | 3 |  3.7
Earth Magic    | 4 |  4.3
Transmutations | 2 |  2.2
Armour         | 1 |  1.3
Axes           | 1 |  1.1
Fighting       | 1 |  1.1
Spellcasting   | 3 |  3.0

Action                     |  1- 3 |  4- 6 || total
---------------------------+-------+-------++-------
  Melee: Unarmed           |    38 |       ||    38
         Punch             |     1 |     1 ||     2
         Hand axe          |    22 |    72 ||    94
   Cast: Sandblast         |    39 |    13 ||    52
         Passwall          |       |     2 ||     2
    Use: Scroll            |     2 |     9 ||    11
         Potion            |       |     3 ||     3
   Stab: Sleeping          |     8 |     7 ||    15
 Armour: Robe              |    20 |     1 ||    21
         Ring mail         |       |    33 ||    33
  Dodge: Dodged            |    82 |    77 ||   159

Table legend: (Time is in decaauts)
 A = Elapsed time spent in this place.
 B = Non-inter-level travel time spent in this place.
 C = Inter-level travel time spent in this place.
 D = Time resting spent in this place.
 E = Time spent auto-exploring this place.
 F = Levels seen in this place.
 G = Mean time per level.
                   A        B        C        D        E       F      G
               +--------+--------+--------+--------+--------+-----+--------+
         Total |   3275 |   3186 |     89 |    831 |   1495 |   4 |  818.8 |
       Dungeon |   3275 |   3186 |     89 |    831 |   1495 |   4 |  818.8 |
               +--------+--------+--------+--------+--------+-----+--------+

Top non-repeatable levels by time:
     D:3: 1103 daAuts
     D:1: 1067 daAuts
     D:2: 933 daAuts
     D:4: 172 daAuts
